 Dungeon Crawl Stone Soup version 0.27.0-1-g7a089689b8 (webtiles) character file.

Game seed: 13967407025927545449

7699 sanka the Cleaver (level 11, -1/89 HPs)
             Began as a Gnoll Berserker on Aug 13, 2021.
             Was an Elder of Trog.
             Succumbed to a killer bee's poison
             ... on level 10 of the Dungeon.
             The game lasted 00:16:55 (13774 turns).

sanka the Cleaver (Gnoll Berserker)                Turns: 13774, Time: 00:16:56

Health: -1/89      AC: 13    Str: 20    XL:     11   Next: 19%
Magic:  7/20       EV: 13    Int:  6    God:    Trog [****..]
Gold:   266        SH:  0    Dex: 12    Spells: 22/22 levels left

rFire    + . .     SeeInvis .   a - +1 demon blade (drain)
rCold    . . .     Faith    .   (no shield)
rNeg     . . .     Spirit   +   i - +2 ring mail {rF+}
rPois    .         Reflect  .   u - +0 helmet
rElec    .         Harm     .   (no cloak)
rCorr    .         Rampage  .   (no gloves)
Will     .....                  B - +2 pair of boots
Stlth    ++........             q - amulet of guardian spirit
HPRegen  0.24/turn              (no ring)
MPRegen  0.17/turn              y - ring of flight

@: lethally poisoned (-1 -> -14), flying
A: fangs 1, strong nose, distributed training
a: Renounce Religion, Berserk, Trog's Hand, Brothers in Arms


You were on level 10 of the Dungeon.
You worshipped Trog.
Trog was greatly pleased with you.
You visited 1 branch of the dungeon, and saw 10 of its levels.

You collected 698 gold pieces.
You spent 432 gold pieces at shops.


Innate Abilities, Weirdness & Mutations

You have very sharp teeth.
Your uncanny sense of smell can sniff out nearby items.
Your experience applies equally to all skills.


   Skills:
 + Level 9.0 Fighting
 + Level 6.0 Short Blades
 + Level 6.0 Long Blades
 + Level 9.0 Axes
 + Level 6.0 Maces & Flails
 + Level 6.0 Polearms
 + Level 6.0 Staves
 + Level 6.0 Slings
 + Level 6.0 Bows
 + Level 6.0 Crossbows
 + Level 6.0 Throwing
 + Level 7.7 Armour
 + Level 7.7 Dodging
 + Level 6.0 Stealth
 + Level 6.0 Shields
 + Level 6.0 Unarmed Combat
 + Level 6.0 Spellcasting
 + Level 5.0 Conjurations
 + Level 5.0 Hexes
 + Level 5.0 Summonings
 + Level 5.0 Necromancy
 + Level 5.0 Translocations
 + Level 5.0 Transmutations
 + Level 5.0 Fire Magic
 + Level 5.0 Ice Magic
 + Level 5.0 Air Magic
 + Level 5.0 Earth Magic
 + Level 5.0 Poison Magic
 + Level 6.6 Invocations
 + Level 6.0 Evocations


You had 22 spell levels left.
You didn't know any spells.
Your spell library was empty.

Inventory:

Hand Weapons
 a - a +1 demon blade of draining (weapon)
 b - a +0 war axe
Missiles
 h - 7 silver javelins (quivered)
 x - 2 curare-tipped darts {=f}
Armour
 i - a +2 ring mail of fire resistance (worn)
 u - a +0 helmet (worn)
 B - a +2 pair of boots (worn)
 D - a +0 plate armour
Jewellery
 q - an amulet of guardian spirit (around neck)
 y - a ring of flight (right hand)
Wands
 o - a wand of acid (13)
 v - a wand of charming (5)
 A - a wand of iceblast (17)
 E - a wand of flame (14)
 I - a wand of digging (4)
Scrolls
 c - a scroll of torment {unknown}
 e - a scroll of summoning {unknown}
 k - 8 scrolls of teleportation {@r4}
 l - 2 scrolls of immolation {!r}
 p - 4 scrolls of vulnerability {!r}
 r - 2 scrolls of silence {unknown}
 s - a scroll of enchant armour
 w - a scroll of magic mapping {unknown}
 z - 2 scrolls of fear {unknown}
 J - a scroll of blinking {unknown}
Potions
 d - a potion of might {unknown}
 f - a potion of cancellation {unknown}
 g - 2 potions of brilliance
 j - 2 potions of flight {unknown}
 m - a potion of attraction {unknown}
 n - a potion of degeneration {unknown}
 t - a potion of heal wounds {unknown}
 C - a potion of berserk rage {unknown}
 F - 3 potions of curing {@q1}
 G - a potion of lignification {unknown}
 H - a potion of invisibility

Dungeon Overview and Level Annotations

Branches:
Dungeon (10/15)            Temple (0/1) D:5            Lair (0/6) D:8
    Orc: D:9-12

Altars:
Hepliaklqana

Shops:
D:3 ( D:5

=
▒▒.........▒...▒▒▒
▒ ▒..........▒▒▒▒▒
..▒▒......Y..▒▒
.)........Y..▒
..........yY▒▒
..........yy▒ ▒.▒▒
.........yy▒▒
▒▒...▒▒
.........y.▒
▒▒.....▒
..▒▒▒▒▒▒▒.g▒▒
▒......▒▒ ▒▒
▒▒..▒▒▒.......▒▒
▒▒.▒▒.........▒
▒▒.▒.........▒▒
▒▒............▒
▒.............▒
▒...............▒
▒................▒
..........[.......▒


You could see 3 yaks and 6 killer bees.


Message History

You feel sick.
The killer bee stings you but does no damage.
The killer bee stings you!
* * * LOW HITPOINT WARNING * * *
The killer bee misses you.
Unknown command.
You feel sick. The killer bee stings you.
* * * LOW HITPOINT WARNING * * *
The killer bee stings you.
* * * LOW HITPOINT WARNING * * *
You are more poisoned.
The killer bee poisons you!
You feel very sick. The killer bee completely misses you.
You feel very sick. The killer bee barely misses you.
You feel sick. The killer bee stings you!
* * * LOW HITPOINT WARNING * * *
You are lethally poisoned!
The killer bee poisons you!
* * * LOW HITPOINT WARNING * * *
You feel very sick. The killer bee stings you.
* * * LOW HITPOINT WARNING * * *
The killer bee misses you. The killer bee closely misses you.
Unknown command.
You die...

Action                   |  1- 3 |  4- 6 |  7- 9 | 10-12 || total
-------------------------+-------+-------+-------+-------++-------
Melee: Hand axe          |   107 |   146 |       |       ||   253
       Bite              |     9 |    20 |    25 |    25 ||    79
       Punch             |       |     2 |     2 |     5 ||     9
       War axe           |       |    51 |   243 |       ||   294
       Demon blade       |       |       |    51 |   202 ||   253
Invok: Berserk           |       |     4 |    16 |     2 ||    22
       Trog's Hand       |       |       |       |     1 ||     1
Evoke: Wand              |       |       |       |    11 ||    11
  Use: Scroll            |       |       |     6 |     1 ||     7
       Potion            |       |       |     3 |       ||     3
 Stab: Sleeping          |     2 |       |     6 |     2 ||    10
       Distracted        |       |       |       |     1 ||     1
Armor: Animal skin       |    14 |       |       |       ||    14
       Ring mail         |    11 |    52 |   178 |   116 ||   357
       Robe              |     1 |       |       |       ||     1
Dodge: Dodged            |    67 |   101 |   258 |   175 ||   601
       Rpst.: Demon blade |       |       |    18 |    39 ||    57

Levels and vault maps discovered:
D:1:      erik_arrival_orb_chamber, layout_basic, serial_rivers,
          chequers_serial_rivers_marsh, chequers_serial_rivers_micro_d,
          chequers_serial_rivers_marsh, chequers_serial_rivers_micro_a,
          chequers_serial_rivers_room_a
D:2:      layout_basic
D:3:      layout_loops_ring, serial_shops, shop
D:4:      layout_basic, lemuel_tele_altar
D:5:      layout_rooms, minmay_temple_entry_stoned_glass, serial_shops,
          kennysheep_mini_moat, lightli_sewer_entry_pipes, uniq_duvessa
D:6:      layout_basic
D:7:      layout_rooms, minmay_small_thing
D:8:      cheibrodos_two_vegetables, layout_loops_ring, erik_lair_island,
          corexii_checkpoint_a, grunt_ministairs_7, guppyfry_early_elven_hall,
          uniq_pikel
D:9:      layout_roguey, uniq_erolcha
D:10:     layout_cave_pods

Notes
Turn   | Place    | Note
-------+----------+-------------------------------------------
     0 | D:1      | sanka the Gnoll Berserker began the quest for the Orb.
     0 | D:1      | Reached XP level 1. HP: 23/23 MP: 1/1
   216 | D:1      | Reached XP level 2. HP: 17/29 MP: 2/2
   828 | D:1      | Reached XP level 3. HP: 35/35 MP: 3/3
  1308 | D:1      | Reached ** piety under Trog
  1309 | D:1      | Reached skill level 1 in Invocations
  1928 | D:2      | Reached skill level 1 in Short Blades
  1928 | D:2      | Reached skill level 1 in Long Blades
  1928 | D:2      | Reached skill level 1 in Maces & Flails
  1928 | D:2      | Reached skill level 1 in Polearms
  1928 | D:2      | Reached skill level 1 in Staves
  1928 | D:2      | Reached skill level 1 in Slings
  1928 | D:2      | Reached skill level 1 in Bows
  1928 | D:2      | Reached skill level 1 in Crossbows
  1928 | D:2      | Reached skill level 1 in Throwing
  1928 | D:2      | Reached skill level 1 in Stealth
  1928 | D:2      | Reached skill level 1 in Shields
  1928 | D:2      | Reached skill level 1 in Unarmed Combat
  1928 | D:2      | Reached skill level 1 in Spellcasting
  1928 | D:2      | Reached skill level 1 in Evocations
  1986 | D:2      | Reached XP level 4. HP: 38/41 MP: 5/5
  3070 | D:3      | Found Luuliett's Antique Weapon Shop.
  3079 | D:3      | Reached skill level 1 in Conjurations
  3079 | D:3      | Reached skill level 1 in Hexes
  3079 | D:3      | Reached skill level 1 in Summonings
  3079 | D:3      | Reached skill level 1 in Necromancy
  3079 | D:3      | Reached skill level 1 in Translocations
  3079 | D:3      | Reached skill level 1 in Transmutations
  3079 | D:3      | Reached skill level 1 in Fire Magic
  3079 | D:3      | Reached skill level 1 in Ice Magic
  3079 | D:3      | Reached skill level 1 in Air Magic
  3079 | D:3      | Reached skill level 1 in Earth Magic
  3079 | D:3      | Reached skill level 1 in Poison Magic
  3809 | D:4      | Reached XP level 5. HP: 47/47 MP: 6/6
  3833 | D:4      | Noticed a black bear
  3845 | D:4      | Killed a black bear
  3845 | D:4      | Reached *** piety under Trog
  3948 | D:4      | Reached XP level 6. HP: 53/53 MP: 8/8
  3965 | D:4      | Found a hazy altar of Hepliaklqana.
  3988 | D:4      | Reached skill level 2 in Invocations
  4005 | D:4      | Reached skill level 5 in Armour
  4005 | D:4      | Reached skill level 5 in Dodging
  4008 | D:4      | Reached skill level 2 in Short Blades
  4008 | D:4      | Reached skill level 2 in Long Blades
  4008 | D:4      | Reached skill level 2 in Maces & Flails
  4008 | D:4      | Reached skill level 2 in Polearms
  4008 | D:4      | Reached skill level 2 in Staves
  4008 | D:4      | Reached skill level 2 in Slings
  4008 | D:4      | Reached skill level 2 in Bows
  4008 | D:4      | Reached skill level 2 in Crossbows
  4008 | D:4      | Reached skill level 2 in Throwing
  4008 | D:4      | Reached skill level 2 in Stealth
  4008 | D:4      | Reached skill level 2 in Shields
  4008 | D:4      | Reached skill level 2 in Unarmed Combat
  4008 | D:4      | Reached skill level 2 in Spellcasting
  4008 | D:4      | Reached skill level 2 in Evocations
  4940 | D:5      | Entered Level 5 of the Dungeon
  4940 | D:5      | Noticed a sky beast
  4950 | D:5      | Killed a sky beast
  4951 | D:5      | Reached skill level 7 in Fighting
  4951 | D:5      | Reached skill level 7 in Axes
  4951 | D:5      | Reached XP level 7. HP: 60/60 MP: 10/10
  5004 | D:5      | Found a staircase to the Ecumenical Temple.
  5008 | D:5      | Noticed Duvessa
  5008 | D:5      | Noticed Dowan
  5018 | D:5      | Killed Duvessa
  5019 | D:5      | Reached skill level 2 in Conjurations
  5019 | D:5      | Reached skill level 2 in Hexes
  5019 | D:5      | Reached skill level 2 in Summonings
  5019 | D:5      | Reached skill level 2 in Necromancy
  5019 | D:5      | Reached skill level 2 in Translocations
  5019 | D:5      | Reached skill level 2 in Transmutations
  5019 | D:5      | Reached skill level 2 in Fire Magic
  5019 | D:5      | Reached skill level 2 in Ice Magic
  5019 | D:5      | Reached skill level 2 in Air Magic
  5019 | D:5      | Reached skill level 2 in Earth Magic
  5019 | D:5      | Reached skill level 2 in Poison Magic
  5022 | D:5      | Killed Dowan
  5023 | D:5      | Reached skill level 3 in Invocations
  5141 | D:5      | Found Tekliq's Jewellery Boutique.
  5194 | D:5      | Reached XP level 8. HP: 15/67 MP: 2/12
  5614 | D:5      | Reached skill level 3 in Short Blades
  5614 | D:5      | Reached skill level 3 in Long Blades
  5614 | D:5      | Reached skill level 3 in Maces & Flails
  5614 | D:5      | Reached skill level 3 in Polearms
  5614 | D:5      | Reached skill level 3 in Staves
  5614 | D:5      | Reached skill level 3 in Slings
  5614 | D:5      | Reached skill level 3 in Bows
  5614 | D:5      | Reached skill level 3 in Crossbows
  5614 | D:5      | Reached skill level 3 in Throwing
  5614 | D:5      | Reached skill level 3 in Stealth
  5614 | D:5      | Reached skill level 3 in Shields
  5614 | D:5      | Reached skill level 3 in Unarmed Combat
  5614 | D:5      | Reached skill level 3 in Spellcasting
  5614 | D:5      | Reached skill level 3 in Evocations
  5629 | D:5      | HP: 6/67 [poisoned by a killer bee]
  5634 | D:5      | HP: 4/67 [poisoned by a killer bee]
  6910 | D:6      | Reached skill level 3 in Conjurations
  6910 | D:6      | Reached skill level 3 in Hexes
  6910 | D:6      | Reached skill level 3 in Summonings
  6910 | D:6      | Reached skill level 3 in Necromancy
  6910 | D:6      | Reached skill level 3 in Translocations
  6910 | D:6      | Reached skill level 3 in Transmutations
  6910 | D:6      | Reached skill level 3 in Fire Magic
  6910 | D:6      | Reached skill level 3 in Ice Magic
  6910 | D:6      | Reached skill level 3 in Air Magic
  6910 | D:6      | Reached skill level 3 in Earth Magic
  6910 | D:6      | Reached skill level 3 in Poison Magic
  6910 | D:6      | Reached skill level 4 in Invocations
  7265 | D:7      | Reached skill level 6 in Armour
  7265 | D:7      | Reached skill level 6 in Dodging
  7265 | D:7      | Reached XP level 9. HP: 72/72 MP: 14/14
  7326 | D:7      | Reached **** piety under Trog
  7330 | D:7      | Reached skill level 4 in Short Blades
  7330 | D:7      | Reached skill level 4 in Long Blades
  7330 | D:7      | Reached skill level 4 in Maces & Flails
  7330 | D:7      | Reached skill level 4 in Polearms
  7330 | D:7      | Reached skill level 4 in Staves
  7330 | D:7      | Reached skill level 4 in Slings
  7330 | D:7      | Reached skill level 4 in Bows
  7330 | D:7      | Reached skill level 4 in Crossbows
  7330 | D:7      | Reached skill level 4 in Throwing
  7330 | D:7      | Reached skill level 4 in Stealth
  7330 | D:7      | Reached skill level 4 in Shields
  7330 | D:7      | Reached skill level 4 in Unarmed Combat
  7330 | D:7      | Reached skill level 4 in Spellcasting
  7330 | D:7      | Reached skill level 4 in Evocations
  8436 | D:3      | Bought a runed demon blade for 432 gold pieces
  8994 | D:7      | Noticed a gargoyle
  9002 | D:7      | HP: 4/74 [gargoyle/stone arrow (10)]
  9005 | D:7      | Killed a gargoyle
  9006 | D:7      | Reached skill level 8 in Fighting
  9006 | D:7      | Reached skill level 8 in Axes
  9006 | D:7      | Reached skill level 5 in Invocations
  9517 | D:8      | Noticed a troll
  9527 | D:8      | Killed a troll
 10075 | D:8      | Reached skill level 4 in Conjurations
 10075 | D:8      | Reached skill level 4 in Hexes
 10075 | D:8      | Reached skill level 4 in Summonings
 10075 | D:8      | Reached skill level 4 in Necromancy
 10075 | D:8      | Reached skill level 4 in Translocations
 10075 | D:8      | Reached skill level 4 in Transmutations
 10075 | D:8      | Reached skill level 4 in Fire Magic
 10075 | D:8      | Reached skill level 4 in Ice Magic
 10075 | D:8      | Reached skill level 4 in Air Magic
 10075 | D:8      | Reached skill level 4 in Earth Magic
 10075 | D:8      | Reached skill level 4 in Poison Magic
 10075 | D:8      | Reached XP level 10. HP: 78/80 MP: 14/17
 10222 | D:8      | Found a staircase to the Lair.
 10227 | D:8      | Noticed Pikel
 10493 | D:8      | Reached skill level 5 in Short Blades
 10493 | D:8      | Reached skill level 5 in Long Blades
 10493 | D:8      | Reached skill level 5 in Maces & Flails
 10493 | D:8      | Reached skill level 5 in Polearms
 10493 | D:8      | Reached skill level 5 in Staves
 10493 | D:8      | Reached skill level 5 in Slings
 10493 | D:8      | Reached skill level 5 in Bows
 10493 | D:8      | Reached skill level 5 in Crossbows
 10493 | D:8      | Reached skill level 5 in Throwing
 10493 | D:8      | Reached skill level 5 in Stealth
 10493 | D:8      | Reached skill level 5 in Shields
 10493 | D:8      | Reached skill level 5 in Unarmed Combat
 10493 | D:8      | Reached skill level 5 in Spellcasting
 10493 | D:8      | Reached skill level 5 in Evocations
 10509 | D:8      | Killed Pikel
 10516 | D:8      | Reached skill level 7 in Armour
 10516 | D:8      | Reached skill level 7 in Dodging
 11249 | D:8      | Noticed a deep elf pyromancer
 11267 | D:8      | Killed a deep elf pyromancer
 12308 | D:8      | Reached skill level 6 in Invocations
 12314 | D:8      | Identified +0 steam dragon scales
 12952 | D:9      | Identified a +2 robe of the Archmagi
 12952 | D:9      | Noticed Erolcha
 12965 | D:9      | Killed Erolcha
 12966 | D:9      | Reached XP level 11. HP: 62/87 MP: 12/19
 13224 | D:9      | Reached skill level 9 in Fighting
 13224 | D:9      | Reached skill level 6 in Short Blades
 13224 | D:9      | Reached skill level 6 in Long Blades
 13224 | D:9      | Reached skill level 9 in Axes
 13224 | D:9      | Reached skill level 6 in Maces & Flails
 13224 | D:9      | Reached skill level 6 in Polearms
 13224 | D:9      | Reached skill level 6 in Staves
 13224 | D:9      | Reached skill level 6 in Slings
 13224 | D:9      | Reached skill level 6 in Bows
 13224 | D:9      | Reached skill level 6 in Crossbows
 13224 | D:9      | Reached skill level 6 in Throwing
 13224 | D:9      | Reached skill level 6 in Stealth
 13224 | D:9      | Reached skill level 6 in Shields
 13224 | D:9      | Reached skill level 6 in Unarmed Combat
 13224 | D:9      | Reached skill level 6 in Spellcasting
 13224 | D:9      | Reached skill level 6 in Evocations
 13380 | D:9      | Reached skill level 5 in Conjurations
 13380 | D:9      | Reached skill level 5 in Hexes
 13380 | D:9      | Reached skill level 5 in Summonings
 13380 | D:9      | Reached skill level 5 in Necromancy
 13380 | D:9      | Reached skill level 5 in Translocations
 13380 | D:9      | Reached skill level 5 in Transmutations
 13380 | D:9      | Reached skill level 5 in Fire Magic
 13380 | D:9      | Reached skill level 5 in Ice Magic
 13380 | D:9      | Reached skill level 5 in Air Magic
 13380 | D:9      | Reached skill level 5 in Earth Magic
 13380 | D:9      | Reached skill level 5 in Poison Magic
 13561 | D:9      | Identified the +2 hand axe of Melee {vorpal, Str+4}
 13611 | D:10     | Entered Level 10 of the Dungeon
 13772 | D:10     | HP: 7/89 [killer bee (3)]
 13773 | D:10     | HP: 3/89 [poisoned by a killer bee]
 13774 | D:10     | Succumbed to a killer bee's poison

Vanquished Creatures
  Erolcha (D:9)
  Pikel (D:8)
  A deep elf pyromancer (D:8)
  A gargoyle (D:7)
  2 trolls
  A wyvern (shapeshifter) (D:8)
  4 yaks (D:9)
  2 steam dragons (D:8)
  An acid dragon (D:9)
  2 water moccasins
  Duvessa (D:5)
  A black bear (D:4)
  A hornet zombie (D:8)
  5 orc warriors
  A sky beast (D:5)
  An ice beast (D:6)
  4 ogres
  4 wolves
  2 centaurs
  A lemure (D:8)
  3 bullfrogs
  2 kobold brigands (D:8)
  2 scorpions
  Dowan (D:5)
  11 killer bees
  3 wights (D:9)
  A howler monkey (D:5)
  9 electric eels (D:8)
  3 centaur zombies
  2 bullfrog zombies
  4 hounds (D:8)
  A centaur skeleton (D:5)
  A bullfrog skeleton (D:5)
  3 iguanas
  8 orc wizards
  2 howler monkey zombies (D:9)
  9 adders
  4 river rats (D:5)
  A howler monkey skeleton (D:4)
  An ufetubus (D:5)
  4 adder skeletons
  4 worms
  4 dart slugs
  21 orcs
  2 bats (D:2)
  5 endoplasms
  5 giant cockroaches
  8 hobgoblins
  15 jackals
  19 kobolds
  2 quokkas (D:1)
  12 ball pythons
  6 frilled lizards
  5 goblins
  5 rats
225 creatures vanquished.

Vanquished Creatures (others)
  2 orcs (D:8)
  4 plants (D:8)
6 creatures vanquished.

Grand Total: 231 creatures vanquished
